Map: Станция Проксима РВ

Players

llllllllllll

  • Race: Zerg Zerg
  • League: Master
  • Spawn Location: 7:00

ELESTRAGO - Winner!

  • Race: Terran Terran
  • League: Master
  • Spawn Location: 1:00

VOD

https://www.youtube.com/watch?v=r1u2qrPqcHE&feature=gp-n-y&google_comment_id=z13qgrmpvlyhuhwpd04cipuxmr2ixh1y1hw

Description

Time

  • Played on: March 24, 2017, 11:46 a.m.
  • Length: 11:42
Show
View Real Time Build Order
Export as new Build Order

llllllllllll Zerg 

Build Orders: Hatch First 

Get SALT Encoding   

  12  0:00  Drone  
  13  0:12  Overlord  
  13  0:16  Drone  
  14  0:30  Drone x2  
  14  0:33  Drone  
  17  0:53  Hatchery  
  17  0:56  Drone  
  17  1:11  Drone, Spawning Pool  
  17  1:33  Hatchery  
  17  1:34  Drone  
  17  1:37  Drone  
  18  1:40  Drone  
  19  1:57  Queen  
  19  1:58  Zergling x2  
  22  2:06  Queen  
  22  2:07  Zergling x2  
  25  2:11  Overlord  
  25  2:17  Drone x2  
  27  2:25  Drone  
  28  2:31  Drone  
  28  2:32  Drone  
  28  2:34  Queen  
  32  2:44  Queen  
  31  2:50  Queen  
  35  2:58  Overlord  
  35  3:02  Drone x3  
  35  3:03  Drone  
  39  3:09  Drone  
  39  3:10  Drone x2  
  42  3:16  Drone x3  
  45  3:24  Drone  
  45  3:25  Drone x3  
  49  3:29  Extractor x2  
  49  3:31  Overlord  
  49  3:33  Drone  
  49  3:34  Drone  
  48  3:43  Drone  
  48  3:44  Drone  
  50  3:49  Roach Warren  
  50  3:50  Evolution Chamber  
  48  3:56  Drone  
  48  3:57  Drone x6  
  55  4:06  Overlord x2  
  55  4:18  Drone x3  
  55  4:19  Overlord  
  57  4:29  Drone x8  
  57  4:30  Lair  
  63  4:36  Spore Crawler  
  62  4:40  Spore Crawler  
  62  4:41  Zerg Missile Weapons Level 1  
  62  4:43  Roach  
  63  4:47  Roach x2  
  63  4:51  Spore Crawler  
  66  4:54  Roach  
  66  4:56  Overlord  
  68  5:01  Drone x4  
  70  5:08  Roach x2  
  70  5:09  Roach x2  
  78  5:15  Drone x8  
  78  5:20  Extractor x2  
  84  5:27  Overlord x3  
  84  5:28  Overlord  
  84  5:33  Glial Reconstitution  
  84  5:36  Drone x2  
  84  5:37  Drone x2  
  84  5:38  Drone  
  84  5:42  Extractor  
  88  5:43  Extractor, Ravager  
  88  5:52  Overlord x2  
  88  5:55  Roach x3  
  94  6:02  Drone  
  94  6:03  Drone x2  
  97  6:05  Drone x2  
  99  6:11  Roach x2  
  99  6:12  Roach x4  
  106  6:18  Drone  
  106  6:19  Drone x2  
  106  6:22  Roach x4  
  106  6:23  Roach  
  119  6:30  Roach x2  
  119  6:31  Roach x2  
  127  6:39  Overlord  
  127  6:40  Overlord x2  
  127  6:41  Zerg Missile Weapons Level 2  
  124  6:49  Drone x2  
  124  6:50  Drone  
  126  6:57  Drone  
  126  7:01  Roach x2  
  130  7:15  Roach  
  132  7:16  Roach x9  
  132  7:22  Hatchery  
  120  7:24  Roach x2  
  124  7:34  Infestation Pit  
  124  7:36  Roach x11  
  137  7:46  Ravager x2  
  139  7:57  Ravager x3  
  142  7:58  Overlord x3  
  142  7:59  Overlord x2  
  142  8:03  Drone x4  
  142  8:04  Drone x2  
  145  8:10  Evolution Chamber  
  144  8:14  Roach x2  
  144  8:15  Roach x3  
  106  8:38  Roach  
  106  8:39  Roach x9  
  103  8:43  Roach  
  105  8:52  Drone x2  
  105  8:53  Drone  
  105  8:55  Roach x2  
  112  8:58  Pathogen Glands  
  112  9:01  Roach x6  
  124  9:04  Ravager x2  
  124  9:05  Ravager x3  
  124  9:07  Roach  
  131  9:22  Roach x6  
  123  9:27  Roach x3  
  123  9:28  Roach  
  126  9:42  Roach x11  
  148  9:55  Burrow  
  148  9:59  Drone x2  
  151  10:00  Drone x5  
  151  10:02  Extractor  
  151  10:03  Extractor  
  141  10:09  Roach x7  
  141  10:10  Roach x3  
  145  10:18  Roach x3  
  151  10:26  Roach x5  
  151  10:27  Roach x2  
  165  10:32  Roach x4  
  155  10:43  Roach x5  
  155  10:44  Roach  
  155  10:49  Roach x3  
  173  11:04  Roach x9  
  161  11:16  Ravager  
  168  11:24  Ravager x2  
Show
View Real Time Build Order
Export as new Build Order

ELESTRAGO Terran - Winner!

Build Orders: Reaper Expand, Bio Tank 

Get SALT Encoding   

  12  0:00  SCV  
  13  0:13  SCV  
  14  0:18  Supply Depot  
  14  0:25  SCV  
  15  0:29  Refinery  
  15  0:40  SCV  
  16  0:45  Barracks  
  16  0:52  SCV  
  17  1:04  SCV  
  18  1:16  SCV  
  19  1:33  Orbital Command, Reaper  
  20  1:43  Command Center  
  20  1:55  Factory  
  20  1:59  SCV  
  21  2:07  Barracks Reactor  
  21  2:11  SCV  
  21  2:13  Refinery  
  22  2:20  Supply Depot  
  22  2:23  SCV  
  23  2:42  SCV  
  24  2:47  Starport  
  24  2:50  Hellion x2  
  28  2:57  Barracks Tech Lab  
  28  3:00  Orbital Command  
  28  3:01  SCV  
  29  3:12  Hellion x2  
  33  3:13  SCV  
  34  3:26  SCV  
  35  3:27  SCV  
  35  3:34  Supply Depot  
  36  3:40  Raven  
  38  3:41  Barracks Tech Lab  
  38  3:42  SCV  
  38  3:47  SCV  
  40  3:54  SCV  
  41  3:57  Command Center  
  41  4:00  SCV  
  42  4:06  SCV, Stimpack  
  43  4:15  SCV  
  40  4:18  SCV, Engineering Bay x2  
  41  4:27  Raven  
  38  4:32  SCV x2  
  40  4:40  Barracks, Factory Reactor  
  40  4:43  Barracks  
  40  4:45  SCV x2  
  42  4:50  Supply Depot, Refinery  
  42  4:52  Refinery  
  42  4:57  SCV x2  
  44  5:07  Marine  
  44  5:10  Orbital Command  
  44  5:12  SCV x2  
  44  5:13  Terran Infantry Weapons Level 1  
  47  5:18  Supply Depot, Terran Infantry Armor Level 1  
  47  5:21  Starport Reactor  
  47  5:24  SCV  
  47  5:25  SCV  
  47  5:26  Marine  
  50  5:30  Marine  
  50  5:31  Marine, Orbital Command  
  52  5:37  Marine x2, SCV x2  
  52  5:40  Siege Tank  
  59  5:43  Marine  
  59  5:47  Supply Depot  
  59  5:48  Marine x2  
  59  5:49  SCV  
  63  5:50  SCV  
  63  5:55  Marine  
  65  5:57  SCV  
  65  5:59  Marine  
  65  6:01  Marine, SCV  
  69  6:06  Marine, Combat Shields  
  69  6:07  SCV  
  69  6:09  SCV  
  72  6:16  Marine x2  
  74  6:20  Siege Tank, Marine x2, Medivac x2  
  74  6:22  SCV x2  
  74  6:23  SCV  
  74  6:24  Marine  
  87  6:26  Supply Depot  
  87  6:31  Barracks, Armory  
  87  6:32  Barracks  
  87  6:40  SCV x3  
  87  6:42  Refinery  
  87  6:43  Refinery  
  87  6:44  Marine  
  87  6:45  Supply Depot, Marine x2  
  93  6:47  Marine x2  
  93  6:50  Supply Depot  
  95  6:56  SCV x3  
  95  6:59  Supply Depot  
  98  7:01  Supply Depot, Marine  
  98  7:04  Siege Tank  
  98  7:08  SCV x3  
  104  7:10  Marine  
  104  7:11  Marine x3  
  104  7:13  Medivac  
  111  7:20  SCV x2  
  108  7:25  Concussive Shells  
  108  7:27  SCV  
  109  7:32  SCV  
  109  7:42  Marine  
  109  7:43  Marine x2, Barracks Reactor  
  109  7:44  Siege Tank, Marine x2, Barracks Reactor  
  110  7:50  Barracks, Factory  
  110  7:51  Terran Vehicle Weapons Level 1, Barracks  
  115  7:53  Barracks, Missile Turret  
  115  7:55  SCV  
  115  7:56  SCV x2  
  118  8:03  Terran Infantry Weapons Level 2, Terran Infantry Armor Level 2  
  118  8:04  Marine  
  119  8:07  Marine x2  
  119  8:11  SCV x3  
  124  8:14  Medivac x2  
  124  8:15  Supply Depot x2  
  124  8:17  Missile Turret  
  118  8:35  Marine x8  
  118  8:36  Siege Tank, Marine  
  128  8:41  Supply Depot  
  128  8:44  Factory Tech Lab, Barracks Tech Lab x3  
  128  8:47  Factory Reactor  
  127  8:49  Command Center  
  127  8:51  Supply Depot  
  127  8:52  SCV  
  127  8:53  Marine x2, SCV x2  
  132  8:59  Marine  
  132  9:00  Marine, Marauder  
  132  9:01  Marine  
  137  9:08  Siege Tank, Marine  
  141  9:21  Marauder  
  128  9:25  Marine  
  128  9:26  Marine x4  
  128  9:27  Marine  
  129  9:34  Marine  
  130  9:39  Marine, Medivac x2  
  130  9:40  Marauder x2  
  130  9:41  Marauder  
  130  9:42  Marine  
  130  9:43  Siege Tank  
  130  9:45  Hellion x2  
  149  9:46  Infernal Pre-Igniter  
  149  9:58  Marine  
  149  9:59  Marine x7  
  157  10:00  Marauder  
  157  10:01  Marine x3  
  149  10:11  Medivac x2  
  152  10:19  Marauder  
  154  10:24  Marine  
  154  10:25  Marine, Marauder  
  158  10:31  Siege Tank  
  158  10:32  Hellion x2  
  153  10:44  Marine  
  153  10:45  Marine x9  
  153  10:46  Marauder  
  153  10:48  SCV x2  
  166  11:03  Siege Tank  
  166  11:05  Marine x2  
  166  11:06  Marine x3, Hellion x2, Marauder  
  166  11:07  Marine  
  166  11:08  Marauder  
  180  11:24  Command Center  
Tags
 
Add a new tag
Caveats
  • Supply blocks, unpowered buildings, or Contaminate may cause inaccurate times.
  • Supply counts are checked every 10 seconds.